Islanders vs Rangers
Created - January 2, 2022 at 19:16
Goals
|
| Islanders |
4 |
0 |
0 |
4 |
| Rangers |
3 |
2 |
0 |
5 |
|
Shots
|
| Islanders |
14 |
11 |
14 |
39 |
| Rangers |
9 |
11 |
7 |
27 |
|
1st period
1. Rangers , Magnus Paajarvi 3 (Artem Anisimov 2, T.J Galiardi 3) at 1:23
2. Rangers , Milan Lucic 9 (Sean Couturier 10) at 3:03 (PP)
3. Rangers , Milan Lucic 10 (Sean Couturier 11, Matt Delahey 4) at 8:09
4. Islanders , Vladimir Tarasenko 10 (Evander Kane 11, Craig Smith 8) at 11:36
5. Islanders , Evander Kane 9 (Vladimir Tarasenko 6, Fedor Tyutin 6) at 11:52
6. Islanders , Andrew Shaw 1 (Fedor Tyutin 7, Michael Latta 2) at 17:28
7. Islanders , Fedor Tyutin 1 (Evander Kane 12, Joe Thornton 9) at 18:23 (PP)
Penalties :
Andrew Shaw (NyI) for Hooking (Minor) at 2:47, Devante Smith-Pelly (NyR) for Interference (Minor) at 3:53, Brian Ferlin (NyI) for Tripping (Minor) at 14:22, Steve Quailer (NyR) for High sticking (Minor) at 17:55
2nd period
8. Rangers , Artem Anisimov 2 (Magnus Paajarvi 2, Luke Schenn 7) at 14:50
9. Rangers , Milan Lucic 11 (Luke Schenn 8, Sean Couturier 12) at 18:25 (PP)
Penalties :
Milan Lucic (NyR) for High sticking (Minor) at 0:03, Luke Schenn (NyR) for Hooking (Minor) at 10:57, Zac Rinaldo (NyI) for Holding (Minor) at 18:11
3rd period
No Goal
Penalties :
Ryan Strome (NyR) for Hooking (Minor) at 4:20, Jay Bouwmeester (NyI) for Elbowing (Minor) at 7:10, Milan Lucic (NyR) for Hooking (Minor) at 11:04
Goalie Stats
Jonathan Quick (NyI), 22 saves from 27 shots - (0.815), L, 6-2-2, 59:11 minutes
Frederik Andersen (NyR), 35 saves from 39 shots - (0.897), W, 6-2-0, 60:00 minutes
Players Stats for Islanders
Player Name G A P +/- PIM S H SB GA TA FO MP PP MP PK MP
------------------------------------------------------------------------------------
Andrew Shaw 1 0 1 -1 2 2 0 0 0 0 1/1 7:51 0:00 0:00
Brian Ferlin 0 0 0 0 2 2 3 0 1 1 0/0 11:21 0:00 0:00
Craig Smith 0 1 1 -1 0 2 3 0 0 0 1/1 15:44 4:30 0:00
Evander Kane 1 2 3 2 0 7 0 1 2 1 0/0 23:28 5:53 2:55
Fedor Tyutin 1 2 3 1 0 2 4 2 0 2 0/0 27:07 6:35 2:39
Frans Nielsen 0 0 0 -1 0 2 0 0 0 2 3/10 16:50 4:30 1:00
Jay Bouwmeester 0 0 0 0 2 1 1 0 0 0 0/0 18:58 3:48 1:06
Joe Thornton 0 1 1 2 0 3 3 1 0 1 20/38 21:39 5:53 1:00
Justin Falk 0 0 0 -1 0 0 0 1 1 0 0/0 14:02 0:00 0:43
Marc-Édouard Vlasic 0 0 0 -1 0 0 1 0 1 0 0/0 13:12 0:00 0:00
Michael Latta 0 1 1 -1 0 3 0 1 1 0 1/3 7:52 0:00 0:00
Paul Stastny 0 0 0 0 0 2 1 0 1 0 2/2 11:16 0:00 0:00
Pierre-Edouard Bellemare 0 0 0 -1 0 1 3 0 0 0 0/0 15:44 4:30 0:00
Ryan Ellis 0 0 0 1 0 3 1 1 1 1 0/0 27:07 6:35 2:39
Sergei Plotnikov 0 0 0 -1 0 1 1 0 0 0 0/0 8:26 0:00 0:33
Tomas Kundratek 0 0 0 0 0 0 2 1 0 0 0/0 19:34 3:48 1:49
Vladimir Tarasenko 1 1 2 2 0 7 0 0 0 2 2/8 23:28 5:53 2:55
Zac Rinaldo 0 0 0 0 2 1 2 0 0 0 0/0 11:49 0:00 0:33
Players Stats for Rangers
Player Name G A P +/- PIM S H SB GA TA FO MP PP MP PK MP
------------------------------------------------------------------------------------
Artem Anisimov 1 1 2 1 0 2 0 0 0 1 1/4 10:51 0:00 1:37
Chris Bourque 0 0 0 0 0 1 0 0 2 0 0/0 15:32 1:51 1:58
Devante Smith-Pelly 0 0 0 -1 2 1 0 0 0 0 0/0 9:13 0:00 0:00
Dmitry Kulikov 0 0 0 -2 0 2 2 0 1 0 0/0 28:12 2:49 6:43
Jonas Brodin 0 0 0 1 0 0 1 0 0 0 0/0 13:21 0:00 1:25
Luke Schenn 0 2 2 -2 2 1 1 1 3 0 0/0 26:46 2:49 5:18
Magnus Paajarvi 1 1 2 1 0 2 0 0 0 0 0/0 9:05 0:00 0:03
Matt Delahey 0 1 1 1 0 0 2 0 0 3 0/0 20:03 1:39 3:40
Milan Lucic 3 0 3 0 4 6 4 1 0 0 7/10 21:36 2:37 3:52
Morgan Ellis 0 0 0 1 0 0 0 1 0 2 0/0 11:45 0:00 0:00
Patrice Bergeron 0 0 0 0 0 2 2 0 0 0 6/9 16:40 1:51 2:37
Patrik Nemeth 0 0 0 1 0 1 1 1 0 1 0/0 20:03 1:39 3:40
Richard Panik 0 0 0 1 0 1 1 1 0 0 0/0 9:30 0:00 0:00
Ryan Strome 0 0 0 0 2 5 2 0 1 1 2/3 17:40 2:37 0:00
Sean Couturier 0 3 3 0 0 2 0 0 1 0 14/29 23:29 2:37 6:03
Steve Quailer 0 0 0 0 2 0 0 0 0 0 0/0 13:49 1:51 0:00
T.J Galiardi 0 1 1 -1 0 0 0 0 0 0 1/3 10:58 0:00 2:17
Tomas Hertl 0 0 0 -1 0 1 1 1 2 0 2/5 10:58 0:00 2:19
3 Stars
1 - Milan Lucic (NyR)
2 - Fedor Tyutin (NyI)
3 - Evander Kane (NyI)
Power Play
Islanders - 1 on 6 Attempt(s) - 16.67%
Rangers - 2 on 4 Attempt(s) - 50.00%
Penalty Kill
Islanders - 2 on 4 Attempt(s) - 50.00%
- Score 0 goal in Penalty Kill
Rangers - 5 on 6 Attempt(s) - 83.33%
- Score 0 goal in Penalty Kill
Team Stat
Islanders - Hits : 25 - Faceoff Wins : 30 - Blocked Shots : 8 - Penalty Minutes : 8
Rangers - Hits : 17 - Faceoff Wins : 33 - Blocked Shots : 6 - Penalty Minutes : 12
Official
Referees : Dan Kelly and Kendrick Nicholson
Linesman : Brad Kovachik and James Tobias
Game Notes
Milan Lucic has scored a Hat Trick!
Finance
Level 1 -- Attendance: 6000 (100.00%) -- Ticket Income $600,000
Level 2 -- Attendance: 4546 (90.92%) -- Ticket Income $272,760
Level 3 -- Attendance: 1807 (90.35%) -- Ticket Income $63,245
Level 4 -- Attendance: 4000 (100.00%) -- Ticket Income $100,000
Luxury Box -- Attendance: 911 (91.10%) -- Ticket Income $182,200
Game was played at the Madison Square Garden.
Total Attendance: 17264 (95.91%)
Total Ticket Income: $1,218,205
Other Income: $182,731
Total Income: $1,400,936
Islanders
5 vs 5 Forward
Center Left Wing Right Wing Time % Phy DF OF
1 Joe Thornton Evander Kane Vladimir Tarasenko 40 1 2 2
2 Frans Nielsen Pierre-Edouard Bellemare Craig Smith 30 1 2 2
3 Paul Stastny Zac Rinaldo Brian Ferlin 20 1 2 2
4 Michael Latta Sergei Plotnikov Andrew Shaw 10 1 2 2
5 vs 5 Defense
Defense Defense Time % Phy DF OF
1 Ryan Ellis Fedor Tyutin 40 1 2 2
2 Jay Bouwmeester Tomas Kundratek 30 1 2 2
3 Marc-Édouard Vlasic Justin Falk 20 1 2 2
4 Ryan Ellis Fedor Tyutin 10 1 2 2
PowerPlay Forward
Center Left Wing Right Wing Time % Phy DF OF
1 Joe Thornton Evander Kane Vladimir Tarasenko 60 1 2 2
2 Frans Nielsen Pierre-Edouard Bellemare Craig Smith 40 1 2 2
PowerPlay Defense
Defense Defense Time % Phy DF OF
1 Ryan Ellis Fedor Tyutin 60 1 2 2
2 Jay Bouwmeester Tomas Kundratek 40 1 2 2
Penalty Kill 4 Players Forward
Center Wing Time % Phy DF OF
1 Vladimir Tarasenko Evander Kane 60 1 2 2
2 Joe Thornton Frans Nielsen 40 1 2 2
Penalty Kill 4 Players Defense
Defense Defense Time % Phy DF OF
1 Ryan Ellis Fedor Tyutin 60 1 2 2
2 Jay Bouwmeester Tomas Kundratek 40 1 2 2
Penalty Kill - 3 Players Forward
Forward Time % Phy DF OF
1 Vladimir Tarasenko 60 1 2 2
2 Evander Kane 40 1 2 2
Penalty Kill - 3 Players Defense
Defense Defense Time % Phy DF OF
1 Ryan Ellis Fedor Tyutin 60 1 2 2
2 Jay Bouwmeester Tomas Kundratek 40 1 2 2
4 vs 4 Forward
Center Wing Time % Phy DF OF
1 Vladimir Tarasenko Evander Kane 60 1 2 2
2 Joe Thornton Frans Nielsen 40 1 2 2
4 vs 4 Defense
Defense Defense Time % Phy DF OF
1 Ryan Ellis Fedor Tyutin 60 1 2 2
2 Jay Bouwmeester Tomas Kundratek 40 1 2 2
Last Minutes Offensive
Center Left Wing Right Wing Defense Defense
Joe Thornton Evander Kane Vladimir Tarasenko Ryan Ellis Fedor Tyutin
Last Minutes Defensive
Center Left Wing Right Wing Defense Defense
Joe Thornton Evander Kane Vladimir Tarasenko Ryan Ellis Fedor Tyutin
Goaltenders
Starting : Jonathan Quick
Backup : Julien Ellis
Extra Forwards
Normal : Paul Stastny, Zac Rinaldo, Sergei Plotnikov - PP : Paul Stastny, Zac Rinaldo - PK : Sergei Plotnikov
Extra Defensemen
Normal : Marc-Édouard Vlasic, Justin Falk, Jay Bouwmeester - PP : Marc-Édouard Vlasic - PK : Justin Falk, Jay Bouwmeester
Penalty Shots
Vladimir Tarasenko, Evander Kane, Joe Thornton, Frans Nielsen, Paul Stastny
Scratches
Carl Klingberg (Healthy), Jiri Hudler (Healthy)
Rangers
5 vs 5 Forward
Center Left Wing Right Wing Time % Phy DF OF
1 Sean Couturier Milan Lucic Ryan Strome 40 1 2 2
2 Patrice Bergeron Chris Bourque Steve Quailer 30 1 2 2
3 Tomas Hertl T.J Galiardi Devante Smith-Pelly 20 1 2 2
4 Artem Anisimov Magnus Paajarvi Richard Panik 10 1 2 2
5 vs 5 Defense
Defense Defense Time % Phy DF OF
1 Luke Schenn Dmitry Kulikov 40 1 2 2
2 Patrik Nemeth Matt Delahey 30 1 2 2
3 Morgan Ellis Jonas Brodin 20 1 2 2
4 Luke Schenn Dmitry Kulikov 10 1 2 2
PowerPlay Forward
Center Left Wing Right Wing Time % Phy DF OF
1 Sean Couturier Milan Lucic Ryan Strome 60 1 2 2
2 Patrice Bergeron Chris Bourque Steve Quailer 40 1 2 2
PowerPlay Defense
Defense Defense Time % Phy DF OF
1 Luke Schenn Dmitry Kulikov 60 1 2 2
2 Patrik Nemeth Matt Delahey 40 1 2 2
Penalty Kill 4 Players Forward
Center Wing Time % Phy DF OF
1 Milan Lucic Sean Couturier 60 1 2 2
2 Patrice Bergeron Tomas Hertl 40 1 2 2
Penalty Kill 4 Players Defense
Defense Defense Time % Phy DF OF
1 Luke Schenn Dmitry Kulikov 60 1 2 2
2 Patrik Nemeth Matt Delahey 40 1 2 2
Penalty Kill - 3 Players Forward
Forward Time % Phy DF OF
1 Milan Lucic 60 1 2 2
2 Sean Couturier 40 1 2 2
Penalty Kill - 3 Players Defense
Defense Defense Time % Phy DF OF
1 Luke Schenn Dmitry Kulikov 60 1 2 2
2 Patrik Nemeth Matt Delahey 40 1 2 2
4 vs 4 Forward
Center Wing Time % Phy DF OF
1 Milan Lucic Sean Couturier 60 1 2 2
2 Patrice Bergeron Tomas Hertl 40 1 2 2
4 vs 4 Defense
Defense Defense Time % Phy DF OF
1 Luke Schenn Dmitry Kulikov 60 1 2 2
2 Patrik Nemeth Matt Delahey 40 1 2 2
Last Minutes Offensive
Center Left Wing Right Wing Defense Defense
Sean Couturier Milan Lucic Ryan Strome Luke Schenn Dmitry Kulikov
Last Minutes Defensive
Center Left Wing Right Wing Defense Defense
Sean Couturier Milan Lucic Ryan Strome Luke Schenn Dmitry Kulikov
Goaltenders
Starting : Frederik Andersen
Backup : Harru Sateri
Extra Forwards
Normal : Devante Smith-Pelly, Richard Panik, T.J Galiardi - PP : Devante Smith-Pelly, Richard Panik - PK : T.J Galiardi
Extra Defensemen
Normal : Morgan Ellis, Jonas Brodin, Patrik Nemeth - PP : Morgan Ellis - PK : Jonas Brodin, Patrik Nemeth
Penalty Shots
Milan Lucic, Sean Couturier, Patrice Bergeron, Tomas Hertl, Ryan Strome
Scratches
Brett Ponich (Healthy)
% Time on Ice - Islanders
Lines # - Real PCT - Wanted PCT - Time Play
Normal Forward
1 - 31% - 40% - 13:35
2 - 26% - 30% - 11:20
3 - 26% - 20% - 11:16
4 - 18% - 10% - 7:52
Normal Defense
1 - 37% - 40% - 16:17
2 - 31% - 30% - 13:52
3 - 30% - 20% - 13:12
4 - 2% - 10% - 0:42
PP Forward
1 - 57% - 60% - 5:53
2 - 43% - 40% - 4:30
PP Defense
1 - 63% - 60% - 6:35
2 - 37% - 40% - 3:48
PK Forward
1 - 78% - 60% - 3:28
2 - 22% - 40% - 1:00
PK Defense
1 - 59% - 60% - 2:39
2 - 41% - 40% - 1:49
PK3 Forward
1 - 0% - 60%
2 - 0% - 40%
PK3 Defense
1 - 0% - 60%
2 - 0% - 40%
44 Forward
1 - 0% - 60%
2 - 0% - 40%
44 Defense
1 - 0% - 60%
2 - 0% - 40%
Last Minute Offensive - 1:06
Last Minute Defensive - 0:00
Total
Forward - 60:00
Defense - 60:00
|
% Time on Ice - Rangers
Lines # - Real PCT - Wanted PCT - Time Play
Normal Forward
1 - 32% - 40% - 14:02
2 - 29% - 30% - 12:37
3 - 19% - 20% - 8:21
4 - 21% - 10% - 9:02
Normal Defense
1 - 39% - 40% - 17:04
2 - 33% - 30% - 14:44
3 - 27% - 20% - 11:45
4 - 1% - 10% - 0:29
PP Forward
1 - 59% - 60% - 2:37
2 - 41% - 40% - 1:51
PP Defense
1 - 63% - 60% - 2:49
2 - 37% - 40% - 1:39
PK Forward
1 - 78% - 60% - 8:04
2 - 22% - 40% - 2:19
PK Defense
1 - 65% - 60% - 6:43
2 - 35% - 40% - 3:40
PK3 Forward
1 - 0% - 60%
2 - 0% - 40%
PK3 Defense
1 - 0% - 60%
2 - 0% - 40%
44 Forward
1 - 0% - 60%
2 - 0% - 40%
44 Defense
1 - 0% - 60%
2 - 0% - 40%
Last Minute Offensive - 0:00
Last Minute Defensive - 1:07
Total
Forward - 60:00
Defense - 60:00
|
Play-by-Play
1st period
0:01 of 1st period - Joe Thornton wins face-off versus Sean Couturier in neutral zone.
0:08 of 1st period - Snap shot by Sean Couturier.
0:08 of 1st period - Deflect By Ryan Ellis.
0:08 of 1st period - Stopped by Jonathan Quick without a rebound.
0:09 of 1st period - Sean Couturier wins face-off versus Joe Thornton in Islanders zone.
0:10 of 1st period - Slapshot by Milan Lucic.
0:10 of 1st period - Shot Misses the Net.
0:12 of 1st period - Slapshot by Milan Lucic.
0:12 of 1st period - Stopped by Jonathan Quick with a rebound.
0:23 of 1st period - Snap shot by Milan Lucic.
0:23 of 1st period - Deflect By Ryan Strome.
0:23 of 1st period - Stopped by Jonathan Quick without a rebound.
0:24 of 1st period - Craig Smith wins face-off versus Patrice Bergeron in Islanders zone.
0:29 of 1st period - Steve Quailer is hit by Craig Smith and loses puck.
0:36 of 1st period - Wrist shot by Frans Nielsen.
0:36 of 1st period - Stopped by Frederik Andersen with a rebound.
1:21 of 1st period - Slapshot by Artem Anisimov.
1:21 of 1st period - Shot Blocked by Michael Latta.
1:23 of 1st period - Wrist shot by Magnus Paajarvi.
1:23 of 1st period - Goal by Magnus Paajarvi - Islanders : 0 - Rangers : 1.
1:24 of 1st period - Sean Couturier wins face-off versus Joe Thornton in neutral zone.
1:56 of 1st period - Slapshot by Marc-Édouard Vlasic.
1:56 of 1st period - Shot Misses the Net.
2:25 of 1st period - Snap shot by Brian Ferlin.
2:25 of 1st period - Shot Blocked by Morgan Ellis.
2:45 of 1st period - Wrist shot by Artem Anisimov.
2:45 of 1st period - Stopped by Jonathan Quick with a rebound.
2:47 of 1st period - Minor Penalty to Andrew Shaw for Hooking.
2:48 of 1st period - Sean Couturier wins face-off versus Vladimir Tarasenko in Islanders zone.
3:03 of 1st period - Snap shot by Sean Couturier.
3:03 of 1st period - Deflect By Milan Lucic.
3:03 of 1st period - Goal by Milan Lucic - Islanders : 0 - Rangers : 2.
3:04 of 1st period - Joe Thornton wins face-off versus Sean Couturier in neutral zone.
3:31 of 1st period - Frans Nielsen is hit by Luke Schenn and loses puck.
3:51 of 1st period - Snap shot by Michael Latta.
3:51 of 1st period - Shot Blocked by Tomas Hertl.
3:53 of 1st period - Minor Penalty to Devante Smith-Pelly for Interference.
3:54 of 1st period - Milan Lucic wins face-off versus Vladimir Tarasenko in Rangers zone.
4:33 of 1st period - Off-side.
4:34 of 1st period - Joe Thornton wins face-off versus Patrice Bergeron in neutral zone.
4:41 of 1st period - Patrice Bergeron is hit by Jay Bouwmeester and loses puck.
5:30 of 1st period - Milan Lucic is hit by Ryan Ellis and loses puck.
5:53 of 1st period - Penalty to Devante Smith-Pelly is over, Devante Smith-Pelly is back on ice.
6:45 of 1st period - Wrist shot by Evander Kane.
6:45 of 1st period - Stopped by Frederik Andersen without a rebound.
6:46 of 1st period - Tomas Hertl wins face-off versus Joe Thornton in Rangers zone.
7:08 of 1st period - Icing by Milan Lucic.
7:09 of 1st period - Sean Couturier wins face-off versus Frans Nielsen in Rangers zone.
8:09 of 1st period - Wrist shot by Milan Lucic.
8:09 of 1st period - Goal by Milan Lucic - Islanders : 0 - Rangers : 3.
8:10 of 1st period - Joe Thornton wins face-off versus Patrice Bergeron in neutral zone.
8:15 of 1st period - Wrist shot by Joe Thornton.
8:15 of 1st period - Stopped by Frederik Andersen with a rebound.
8:37 of 1st period - Devante Smith-Pelly is hit by Tomas Kundratek and loses puck.
10:40 of 1st period - Sergei Plotnikov is hit by Milan Lucic.
11:11 of 1st period - Matt Delahey is hit by Marc-Édouard Vlasic and loses puck.
11:28 of 1st period - Wrist shot by Craig Smith.
11:28 of 1st period - Shot Misses the Net.
11:30 of 1st period - Snap shot by Evander Kane.
11:30 of 1st period - Shot Misses the Net.
11:32 of 1st period - Wrist shot by Evander Kane.
11:32 of 1st period - Stopped by Frederik Andersen with a rebound.
11:34 of 1st period - Snap shot by Vladimir Tarasenko.
11:34 of 1st period - Shot Misses the Net.
11:36 of 1st period - Wrist shot by Vladimir Tarasenko.
11:36 of 1st period - Goal by Vladimir Tarasenko - Islanders : 1 - Rangers : 3.
11:37 of 1st period - Joe Thornton wins face-off versus Sean Couturier in neutral zone.
11:52 of 1st period - Snap shot by Evander Kane.
11:52 of 1st period - Goal by Evander Kane - Islanders : 2 - Rangers : 3.
11:53 of 1st period - Ryan Strome wins face-off versus Joe Thornton in neutral zone.
12:45 of 1st period - Wrist shot by Devante Smith-Pelly.
12:45 of 1st period - Shot Misses the Net.
14:01 of 1st period - Dmitry Kulikov is hit by Fedor Tyutin and loses puck.
14:10 of 1st period - Patrice Bergeron is hit by Zac Rinaldo and loses puck.
14:22 of 1st period - Minor Penalty to Brian Ferlin for Tripping.
14:23 of 1st period - Sean Couturier wins face-off versus Vladimir Tarasenko in Islanders zone.
15:15 of 1st period - Slapshot by Frans Nielsen.
15:15 of 1st period - Shot Blocked by Milan Lucic.
15:57 of 1st period - Fedor Tyutin is hit by Ryan Strome and loses puck.
16:20 of 1st period - Tomas Kundratek is hit by Patrice Bergeron and loses puck.
16:22 of 1st period - Penalty to Brian Ferlin is over, Brian Ferlin is back on ice.
16:55 of 1st period - Slapshot by Andrew Shaw.
16:55 of 1st period - Stopped by Frederik Andersen without a rebound.
16:56 of 1st period - Artem Anisimov wins face-off versus Michael Latta in Rangers zone.
17:24 of 1st period - Backhand shot by Michael Latta.
17:24 of 1st period - Stopped by Frederik Andersen with a rebound.
17:26 of 1st period - Backhand shot by Fedor Tyutin.
17:26 of 1st period - Stopped by Frederik Andersen with a rebound.
17:28 of 1st period - Slapshot by Andrew Shaw.
17:28 of 1st period - Goal by Andrew Shaw - Islanders : 3 - Rangers : 3.
17:29 of 1st period - Ryan Strome wins face-off versus Joe Thornton in neutral zone.
17:38 of 1st period - Slapshot by Milan Lucic.
17:38 of 1st period - Shot Misses the Net.
17:40 of 1st period - Slapshot by Luke Schenn.
17:40 of 1st period - Shot Blocked by Fedor Tyutin.
17:42 of 1st period - Slapshot by Luke Schenn.
17:42 of 1st period - Shot Blocked by Ryan Ellis.
17:44 of 1st period - Snap shot by Ryan Strome.
17:44 of 1st period - Stopped by Jonathan Quick without a rebound.
17:45 of 1st period - Patrice Bergeron wins face-off versus Frans Nielsen in Islanders zone.
17:55 of 1st period - Minor Penalty to Steve Quailer for High sticking.
17:56 of 1st period - Milan Lucic wins face-off versus Joe Thornton in Rangers zone.
18:06 of 1st period - Slapshot by Ryan Ellis.
18:06 of 1st period - Stopped by Frederik Andersen without a rebound.
18:07 of 1st period - Joe Thornton wins face-off versus Milan Lucic in Rangers zone.
18:12 of 1st period - Snap shot by Evander Kane.
18:12 of 1st period - Shot Misses the Net.
18:21 of 1st period - Snap shot by Evander Kane.
18:21 of 1st period - Stopped by Frederik Andersen with a rebound.
18:23 of 1st period - Slapshot by Fedor Tyutin.
18:23 of 1st period - Goal by Fedor Tyutin - Islanders : 4 - Rangers : 3.
18:24 of 1st period - Joe Thornton wins face-off versus Sean Couturier in neutral zone.
18:27 of 1st period - Milan Lucic is hit by Joe Thornton and loses puck.
18:40 of 1st period - Snap shot by Vladimir Tarasenko.
18:40 of 1st period - Stopped by Frederik Andersen without a rebound.
18:41 of 1st period - Patrice Bergeron wins face-off versus Frans Nielsen in Rangers zone.
18:41 of 1st period - Patrice Bergeron is hit by Fedor Tyutin.
18:48 of 1st period - Dmitry Kulikov is hit by Craig Smith and loses puck.
18:57 of 1st period - Wrist shot by Frans Nielsen.
18:57 of 1st period - Shot Misses the Net.
19:04 of 1st period - Icing by Dmitry Kulikov.
19:05 of 1st period - Patrice Bergeron wins face-off versus Joe Thornton in Rangers zone.
19:32 of 1st period - Slapshot by Devante Smith-Pelly.
19:32 of 1st period - Stopped by Jonathan Quick without a rebound.
19:33 of 1st period - Frans Nielsen wins face-off versus Tomas Hertl in Islanders zone.
19:50 of 1st period - Slapshot by Fedor Tyutin.
19:50 of 1st period - Deflect By Craig Smith.
19:50 of 1st period - Shot Misses the Net.
19:50 of 1st period - Puck is out of play.
19:51 of 1st period - Sean Couturier wins face-off versus Joe Thornton in Rangers zone.
Goals for this period are 4 for Islanders vs 3 for Rangers.
Shots for this period are 14 for Islanders vs 9 for Rangers.
2nd period
0:01 of 2nd period - Sean Couturier wins face-off versus Joe Thornton in neutral zone.
0:03 of 2nd period - Minor Penalty to Milan Lucic for High sticking.
0:04 of 2nd period - T.J Galiardi wins face-off versus Joe Thornton in Rangers zone.
0:04 of 2nd period - T.J Galiardi is hit by Fedor Tyutin.
0:31 of 2nd period - Pierre-Edouard Bellemare is hit by Dmitry Kulikov.
0:37 of 2nd period - Wrist shot by Craig Smith.
0:37 of 2nd period - Stopped by Frederik Andersen without a rebound.
0:38 of 2nd period - Joe Thornton wins face-off versus Artem Anisimov in Rangers zone.
1:13 of 2nd period - Snap shot by Frans Nielsen.
1:13 of 2nd period - Stopped by Frederik Andersen with a rebound.
2:03 of 2nd period - Penalty to Milan Lucic is over, Milan Lucic is back on ice.
2:13 of 2nd period - Snap shot by Milan Lucic.
2:13 of 2nd period - Deflect By Artem Anisimov.
2:13 of 2nd period - Shot Misses the Net.
2:13 of 2nd period - Puck is out of play.
2:14 of 2nd period - Paul Stastny wins face-off versus Artem Anisimov in Islanders zone.
2:21 of 2nd period - Snap shot by Magnus Paajarvi.
2:21 of 2nd period - Stopped by Jonathan Quick with a rebound.
2:40 of 2nd period - Snap shot by Magnus Paajarvi.
2:40 of 2nd period - Shot Blocked by Justin Falk.
2:46 of 2nd period - Artem Anisimov is hit by Brian Ferlin.
2:50 of 2nd period - Brian Ferlin is hit by Richard Panik and loses puck.
3:23 of 2nd period - Morgan Ellis is hit by Zac Rinaldo and loses puck.
4:55 of 2nd period - Snap shot by Artem Anisimov.
4:55 of 2nd period - Shot Misses the Net.
5:02 of 2nd period - Wrist shot by Brian Ferlin.
5:02 of 2nd period - Shot Blocked by Richard Panik.
5:21 of 2nd period - Wrist shot by Brian Ferlin.
5:21 of 2nd period - Stopped by Frederik Andersen without a rebound.
5:22 of 2nd period - Sean Couturier wins face-off versus Joe Thornton in Rangers zone.
5:22 of 2nd period - Sean Couturier is hit by Fedor Tyutin.
5:28 of 2nd period - Slapshot by Vladimir Tarasenko.
5:28 of 2nd period - Deflect By Sean Couturier.
5:28 of 2nd period - Stopped by Frederik Andersen without a rebound.
5:29 of 2nd period - Joe Thornton wins face-off versus Sean Couturier in Rangers zone.
5:36 of 2nd period - Wrist shot by Joe Thornton.
5:36 of 2nd period - Stopped by Frederik Andersen with a rebound.
5:48 of 2nd period - Slapshot by Vladimir Tarasenko.
5:48 of 2nd period - Stopped by Frederik Andersen with a rebound.
5:58 of 2nd period - Slapshot by Ryan Strome.
5:58 of 2nd period - Stopped by Jonathan Quick without a rebound.
5:59 of 2nd period - Patrice Bergeron wins face-off versus Frans Nielsen in Islanders zone.
6:02 of 2nd period - Wrist shot by Patrice Bergeron.
6:02 of 2nd period - Stopped by Jonathan Quick with a rebound.
6:04 of 2nd period - Snap shot by Patrik Nemeth.
6:04 of 2nd period - Stopped by Jonathan Quick with a rebound.
6:06 of 2nd period - Slapshot by Steve Quailer.
6:06 of 2nd period - Shot Misses the Net.
6:08 of 2nd period - Backhand shot by Steve Quailer.
6:08 of 2nd period - Shot Misses the Net.
6:10 of 2nd period - Slapshot by Steve Quailer.
6:10 of 2nd period - Shot Blocked by Tomas Kundratek.
6:34 of 2nd period - Wrist shot by Tomas Hertl.
6:34 of 2nd period - Stopped by Jonathan Quick without a rebound.
6:35 of 2nd period - Joe Thornton wins face-off versus Sean Couturier in Islanders zone.
7:31 of 2nd period - Slapshot by Ryan Ellis.
7:31 of 2nd period - Shot Misses the Net.
8:29 of 2nd period - Tomas Kundratek is hit by Ryan Strome and loses puck.
8:42 of 2nd period - Patrice Bergeron is hit by Craig Smith and loses puck.
9:08 of 2nd period - Icing by Jay Bouwmeester.
9:09 of 2nd period - Tomas Hertl wins face-off versus Joe Thornton in Islanders zone.
9:36 of 2nd period - Ryan Strome is hit by Pierre-Edouard Bellemare and loses puck.
9:46 of 2nd period - Icing by Milan Lucic.
9:47 of 2nd period - Sean Couturier wins face-off versus Michael Latta in Rangers zone.
9:52 of 2nd period - Ryan Ellis is hit by Patrice Bergeron and loses puck.
10:18 of 2nd period - Joe Thornton is hit by Tomas Hertl.
10:38 of 2nd period - Wrist shot by Richard Panik.
10:38 of 2nd period - Stopped by Jonathan Quick without a rebound.
10:39 of 2nd period - Frans Nielsen wins face-off versus Artem Anisimov in Islanders zone.
10:39 of 2nd period - Frans Nielsen is hit by Matt Delahey.
10:53 of 2nd period - Snap shot by Craig Smith.
10:53 of 2nd period - Stopped by Frederik Andersen without a rebound.
10:54 of 2nd period - Milan Lucic wins face-off versus Joe Thornton in Rangers zone.
10:54 of 2nd period - Milan Lucic is hit by Joe Thornton.
10:57 of 2nd period - Minor Penalty to Luke Schenn for Hooking.
10:58 of 2nd period - Milan Lucic wins face-off versus Joe Thornton in Rangers zone.
11:14 of 2nd period - Snap shot by Ryan Ellis.
11:14 of 2nd period - Stopped by Frederik Andersen without a rebound.
11:15 of 2nd period - Milan Lucic wins face-off versus Joe Thornton in Rangers zone.
11:41 of 2nd period - Jonas Brodin is hit by Pierre-Edouard Bellemare and loses puck.
12:57 of 2nd period - Penalty to Luke Schenn is over, Luke Schenn is back on ice.
13:07 of 2nd period - Wrist shot by Michael Latta.
13:07 of 2nd period - Stopped by Frederik Andersen without a rebound.
13:08 of 2nd period - Andrew Shaw wins face-off versus Sean Couturier in Rangers zone.
14:50 of 2nd period - Wrist shot by Artem Anisimov.
14:50 of 2nd period - Goal by Artem Anisimov - Islanders : 4 - Rangers : 4.
14:51 of 2nd period - Joe Thornton wins face-off versus Sean Couturier in neutral zone.
15:13 of 2nd period - Tomas Kundratek is hit by Milan Lucic.
15:51 of 2nd period - Slapshot by Patrice Bergeron.
15:51 of 2nd period - Stopped by Jonathan Quick with a rebound.
16:49 of 2nd period - Slapshot by Jay Bouwmeester.
16:49 of 2nd period - Stopped by Frederik Andersen without a rebound.
16:50 of 2nd period - Frans Nielsen wins face-off versus Tomas Hertl in Rangers zone.
16:59 of 2nd period - Slapshot by Ryan Ellis.
16:59 of 2nd period - Deflect By Pierre-Edouard Bellemare.
16:59 of 2nd period - Stopped by Frederik Andersen without a rebound.
17:00 of 2nd period - Sean Couturier wins face-off versus Frans Nielsen in Rangers zone.
17:05 of 2nd period - Slapshot by Luke Schenn.
17:05 of 2nd period - Deflect By Ryan Strome.
17:05 of 2nd period - Stopped by Jonathan Quick without a rebound.
17:06 of 2nd period - Sean Couturier wins face-off versus Frans Nielsen in Islanders zone.
17:33 of 2nd period - Dmitry Kulikov is hit by Paul Stastny and loses puck.
17:45 of 2nd period - Icing by Zac Rinaldo.
17:46 of 2nd period - Paul Stastny wins face-off versus Ryan Strome in Islanders zone.
18:11 of 2nd period - Minor Penalty to Zac Rinaldo for Holding.
18:12 of 2nd period - Vladimir Tarasenko wins face-off versus Sean Couturier in Islanders zone.
18:25 of 2nd period - Snap shot by Luke Schenn.
18:25 of 2nd period - Deflect By Milan Lucic.
18:25 of 2nd period - Goal by Milan Lucic - Islanders : 4 - Rangers : 5.
18:26 of 2nd period - Joe Thornton wins face-off versus Sean Couturier in neutral zone.
18:37 of 2nd period - Slapshot by Milan Lucic.
18:37 of 2nd period - Shot Blocked by Evander Kane.
19:05 of 2nd period - Off-side.
19:06 of 2nd period - Milan Lucic wins face-off versus Joe Thornton in neutral zone.
19:15 of 2nd period - Slapshot by Milan Lucic.
19:15 of 2nd period - Stopped by Jonathan Quick with a rebound.
Goals for this period are 0 for Islanders vs 2 for Rangers.
Shots for this period are 11 for Islanders vs 11 for Rangers.
3rd period
0:01 of 3rd period - Joe Thornton wins face-off versus Sean Couturier in neutral zone.
0:06 of 3rd period - Snap shot by Evander Kane.
0:06 of 3rd period - Stopped by Frederik Andersen without a rebound.
0:07 of 3rd period - Joe Thornton wins face-off versus Sean Couturier in Rangers zone.
0:57 of 3rd period - Wrist shot by Vladimir Tarasenko.
0:57 of 3rd period - Stopped by Frederik Andersen with a rebound.
0:59 of 3rd period - Wrist shot by Vladimir Tarasenko.
0:59 of 3rd period - Stopped by Frederik Andersen without a rebound.
1:00 of 3rd period - Patrice Bergeron wins face-off versus Frans Nielsen in Rangers zone.
1:27 of 3rd period - Tomas Kundratek is hit by Patrik Nemeth and loses puck.
2:34 of 3rd period - Wrist shot by Paul Stastny.
2:34 of 3rd period - Stopped by Frederik Andersen without a rebound.
2:35 of 3rd period - Joe Thornton wins face-off versus Tomas Hertl in Rangers zone.
3:12 of 3rd period - Slapshot by Patrice Bergeron.
3:12 of 3rd period - Shot Misses the Net.
3:20 of 3rd period - Steve Quailer is hit by Tomas Kundratek and loses puck.
3:43 of 3rd period - Dmitry Kulikov is hit by Brian Ferlin and loses puck.
3:52 of 3rd period - Slapshot by Brian Ferlin.
3:52 of 3rd period - Stopped by Frederik Andersen with a rebound.
3:54 of 3rd period - Slapshot by Paul Stastny.
3:54 of 3rd period - Stopped by Frederik Andersen with a rebound.
3:56 of 3rd period - Slapshot by Tomas Kundratek.
3:56 of 3rd period - Deflect By Zac Rinaldo.
3:56 of 3rd period - Stopped by Frederik Andersen without a rebound.
3:57 of 3rd period - Sean Couturier wins face-off versus Joe Thornton in Rangers zone.
4:02 of 3rd period - Slapshot by Patrik Nemeth.
4:02 of 3rd period - Shot Blocked by Joe Thornton.
4:20 of 3rd period - Minor Penalty to Ryan Strome for Hooking.
4:21 of 3rd period - Joe Thornton wins face-off versus Milan Lucic in Rangers zone.
4:24 of 3rd period - Wrist shot by Vladimir Tarasenko.
4:24 of 3rd period - Deflect By Evander Kane.
4:24 of 3rd period - Shot Blocked by Patrik Nemeth.
4:24 of 3rd period - Puck is out of play.
4:25 of 3rd period - Milan Lucic wins face-off versus Joe Thornton in Rangers zone.
4:34 of 3rd period - Slapshot by Ryan Ellis.
4:34 of 3rd period - Stopped by Frederik Andersen without a rebound.
4:35 of 3rd period - Joe Thornton wins face-off versus Milan Lucic in Rangers zone.
6:00 of 3rd period - Icing by Ryan Ellis.
6:01 of 3rd period - Joe Thornton wins face-off versus T.J Galiardi in Islanders zone.
6:20 of 3rd period - Penalty to Ryan Strome is over, Ryan Strome is back on ice.
6:56 of 3rd period - Snap shot by Chris Bourque.
6:56 of 3rd period - Shot Misses the Net.
7:04 of 3rd period - Snap shot by Chris Bourque.
7:04 of 3rd period - Stopped by Jonathan Quick with a rebound.
7:10 of 3rd period - Minor Penalty to Jay Bouwmeester for Elbowing.
7:11 of 3rd period - Sean Couturier wins face-off versus Vladimir Tarasenko in Islanders zone.
7:12 of 3rd period - Slapshot by Milan Lucic.
7:12 of 3rd period - Shot Misses the Net.
7:14 of 3rd period - Snap shot by Milan Lucic.
7:14 of 3rd period - Stopped by Jonathan Quick with a rebound.
7:22 of 3rd period - Wrist shot by Sean Couturier.
7:22 of 3rd period - Stopped by Jonathan Quick with a rebound.
7:24 of 3rd period - Backhand shot by Luke Schenn.
7:24 of 3rd period - Shot Misses the Net.
7:26 of 3rd period - Wrist shot by Luke Schenn.
7:26 of 3rd period - Deflect By Vladimir Tarasenko.
7:26 of 3rd period - Stopped by Jonathan Quick with a rebound.
7:28 of 3rd period - Snap shot by Ryan Strome.
7:28 of 3rd period - Stopped by Jonathan Quick without a rebound.
7:29 of 3rd period - Patrice Bergeron wins face-off versus Vladimir Tarasenko in Islanders zone.
7:40 of 3rd period - Wrist shot by Chris Bourque.
7:40 of 3rd period - Shot Misses the Net.
7:42 of 3rd period - Slapshot by Dmitry Kulikov.
7:42 of 3rd period - Stopped by Jonathan Quick without a rebound.
7:43 of 3rd period - Sean Couturier wins face-off versus Vladimir Tarasenko in Islanders zone.
7:44 of 3rd period - Snap shot by Milan Lucic.
7:44 of 3rd period - Shot Blocked by Fedor Tyutin.
7:46 of 3rd period - Wrist shot by Sean Couturier.
7:46 of 3rd period - Shot Misses the Net.
7:48 of 3rd period - Slapshot by Dmitry Kulikov.
7:48 of 3rd period - Deflect By Evander Kane.
7:48 of 3rd period - Stopped by Jonathan Quick without a rebound.
7:49 of 3rd period - Vladimir Tarasenko wins face-off versus Sean Couturier in Islanders zone.
9:10 of 3rd period - Penalty to Jay Bouwmeester is over, Jay Bouwmeester is back on ice.
9:25 of 3rd period - Tomas Hertl is hit by Brian Ferlin and loses puck.
9:42 of 3rd period - Artem Anisimov is hit by Sergei Plotnikov and loses puck.
9:59 of 3rd period - Luke Schenn is hit by Pierre-Edouard Bellemare and loses puck.
10:45 of 3rd period - Slapshot by Sergei Plotnikov.
10:45 of 3rd period - Stopped by Frederik Andersen without a rebound.
10:46 of 3rd period - Michael Latta wins face-off versus Sean Couturier in Rangers zone.
11:04 of 3rd period - Minor Penalty to Milan Lucic for Hooking.
11:05 of 3rd period - Joe Thornton wins face-off versus T.J Galiardi in Rangers zone.
11:13 of 3rd period - Snap shot by Vladimir Tarasenko.
11:13 of 3rd period - Shot Misses the Net.
11:17 of 3rd period - Wrist shot by Evander Kane.
11:17 of 3rd period - Stopped by Frederik Andersen with a rebound.
11:19 of 3rd period - Snap shot by Evander Kane.
11:19 of 3rd period - Shot Blocked by Luke Schenn.
11:31 of 3rd period - Pierre-Edouard Bellemare is hit by Dmitry Kulikov and loses puck.
12:02 of 3rd period - Evander Kane is hit by Matt Delahey.
12:08 of 3rd period - Chris Bourque is hit by Joe Thornton and loses puck.
13:04 of 3rd period - Penalty to Milan Lucic is over, Milan Lucic is back on ice.
13:37 of 3rd period - Sergei Plotnikov is hit by Milan Lucic and loses puck.
14:28 of 3rd period - Snap shot by Michael Latta.
14:28 of 3rd period - Stopped by Frederik Andersen with a rebound.
17:20 of 3rd period - Tomas Kundratek is hit by Jonas Brodin and loses puck.
19:04 of 3rd period - Jay Bouwmeester is hit by Milan Lucic and loses puck.
19:11 of 3rd period - Islanders, Jonathan Quick is pulled from the net.
19:25 of 3rd period - Backhand shot by Vladimir Tarasenko.
19:25 of 3rd period - Stopped by Frederik Andersen with a rebound.
19:27 of 3rd period - Snap shot by Joe Thornton.
19:27 of 3rd period - Stopped by Frederik Andersen with a rebound.
19:29 of 3rd period - Snap shot by Evander Kane.
19:29 of 3rd period - Stopped by Frederik Andersen without a rebound.
19:30 of 3rd period - Jacques Martin call a timeout for Islanders.
19:30 of 3rd period - Joe Thornton wins face-off versus Sean Couturier in Rangers zone.
Goals for this period are 0 for Islanders vs 0 for Rangers.
Shots for this period are 14 for Islanders vs 7 for Rangers.
Output by the SimonT Hockey Simulator (STHS) for Francois Prevost